 Dungeon Crawl Stone Soup version 0.31.0-32-g396128a36d (webtiles) character file.

Game seed: 14461235194499631841

266 karkarkar the Chopper (level 6, -1/63 HPs)
             Began as a Minotaur Fighter on Mar 25, 2024.
             Slain by Duvessa
             ... wielding a +2 rapier of speed
              (7 damage)
             ... on level 4 of the Dungeon.
             The game lasted 00:06:26 (2337 turns).

karkarkar the Chopper (Minotaur Fighter)            Turns: 2337, Time: 00:06:27

Health: -1/63      AC: 12    Str: 22    XL:     6   Next: 0%
Magic:  5/5        EV:  6    Int:  9    God:
Gold:   133        SH:  4    Dex:  8    Spells: 5/5 levels left

rFire   . . .        a - +0 war axe
rCold   . . .        c - +0 buckler
rNeg    . . .        f - +0 plate armour
rPois   .            (helmet restricted)
rElec   +            (no cloak)
rCorr   .            (no gloves)
SInv    .            (no boots)
Will    .....        n - amulet of faith Stlth
                     (no ring)
HPRegen 0.30/turn    (no ring)
MPRegen 0.09/turn

%: faith
@: hasted, very quick
A: horns 2, retaliatory headbutt, clever 1, robust 2, electricity resistance
a: no special abilities


You were on level 4 of the Dungeon.
You visited 1 branch of the dungeon, and saw 4 of its levels.

You collected 133 gold pieces.

Inventory:

Hand Weapons
 a - a +0 war axe (weapon)
Missiles
 e - 2 poisoned darts
 m - 3 boomerangs
 q - 2 javelins (quivered)
Armour
 c - a +0 buckler (worn)
 f - a +0 plate armour (worn)
Jewellery
 n - an amulet of faith (around neck)
Wands
 d - a wand of quicksilver (4)
Scrolls
 b - a scroll of noise
 h - a scroll of immolation
 l - a scroll of teleportation {unknown}
 o - a scroll of fog
 p - 3 scrolls of enchant weapon
 r - a scroll of vulnerability {unknown}
 s - a scroll of enchant armour {unknown}
Potions
 g - a potion of berserk rage


   Skills:
 + Level 4.4 Fighting
 + Level 6.0 Axes
 + Level 4.7 Armour
 + Level 0.1 Dodging
 + Level 4.2 Shields
 + Level 0.1 Evocations


You had 5 spell levels left.
You didn't know any spells.
Your spell library contained the following spells:

 Spells                   Type           Power      Damage    Failure   Level
 Frozen Ramparts          Ice            0%         1d1       100%        3
 Leda's Liquefaction      Alch/Erth      0%         N/A       100%        4
 Petrify                  Alch/Erth      0%         N/A       100%        4
 Metabolic Englaciation   Hex/Ice        0%         N/A       100%        5


Dungeon Overview and Level Annotations

Branches:
Dungeon (4/15)
 Temple: D:4-7

Altars:
Ashenzari
Elyvilon

Annotations:
D:4 Dowan, Duvessa


Innate Abilities, Weirdness & Mutations

You have a pair of horns on your head.
You reflexively headbutt those who attack you in melee.
Your mind is acute. (Int +4, Str/Dex -1)
You are very robust. (+20% HP)
You are resistant to electric shocks. (rElec)


Message History

You hit Duvessa.
Duvessa is heavily wounded.
Duvessa hits you but does no damage.
Duvessa hits you with a +2 rapier of speed!
* * * LOW HITPOINT WARNING * * *
Duvessa hits you but does no damage.
Dowan gestures wildly while chanting.
Dowan blinks!
Sorry, you're not good enough to have a special ability.
It was a potion of mutation.
You feel extremely strange.
You feel robust.
You feel insulated.
You feel robust.
You feel clever.
Duvessa hits you with a +2 rapier of speed.
* * * LOW HITPOINT WARNING * * *
Duvessa hits you but does no damage. x2
Sorry, you're not good enough to have a special ability.
Unknown command.
Okay, then.
Unknown command.
It was a potion of haste.
You feel yourself speed up. You block Duvessa's attack.
Duvessa hits you but does no damage.
As you read the scroll labelled XUOHOPHADAP, it crumbles to dust.
The creatures around you are filled with an inner flame!
It was a scroll of immolation.
You block Duvessa's attack. Duvessa barely misses you.
You see here a giant cockroach corpse.
Things that are here:
a +0 dagger; 3 stones; a kobold skeleton The air fills with toxic fumes!
As you read the scroll labelled URHAIGREHU, it crumbles to dust.
It was a scroll of poison.
Duvessa hits you with a +2 rapier of speed.
* * * LOW HITPOINT WARNING * * *
Okay, then.
Unknown command.
You are too injured to fight recklessly!
You hit Duvessa but do no damage.
Duvessa is heavily wounded.
Duvessa hits you but does no damage.
Duvessa hits you with a +2 rapier of speed!
You die...

...........#
.........§§#
(........§§#
.......###e#
###.### #§#
#. #l# # #§#
#e# #@# #§#
#§# #§# ###
##§## #.#
#§§§# #.####
#§§§# #.....
#§§§# #.####
#...# #.#


You could see Duvessa (fast, inner flame), Dowan (inner flame) and an iguana
(inner flame).

Vanquished Creatures
  A black bear (D:3)
  A bombardier beetle (D:4)
  Ijyb (D:3)
  3 adders (D:2)
  A dart slug (D:1)
  2 ribbon worms (D:2)
  5 orcs (D:3)
  12 endoplasms
  3 giant cockroaches
  8 goblins
  7 hobgoblins
  4 kobolds
  3 quokkas
  7 ball pythons
  3 bats
  3 frilled lizards
  8 rats
72 creatures vanquished.

Notes
Turn   | Place    | Note
-------+----------+-------------------------------------------
     0 | D:1      | karkarkar the Minotaur Fighter began the quest for the Orb.
     0 | D:1      | Reached XP level 1. HP: 19/19 MP: 0/0
    46 | D:1      | Reached XP level 2. HP: 27/27 MP: 1/1
   222 | D:1      | Reached XP level 3. HP: 27/33 MP: 2/2
   492 | D:1      | Reached skill level 3 in Axes
   854 | D:2      | Reached XP level 4. HP: 38/40 MP: 3/3
   942 | D:2      | Reached skill level 4 in Axes
   984 | D:2      | Found a broken altar of Ashenzari.
  1280 | D:3      | Noticed Ijyb
  1289 | D:3      | Killed Ijyb
  1684 | D:3      | Noticed a black bear
  1688 | D:3      | Killed a black bear
  1689 | D:3      | Reached skill level 5 in Axes
  1689 | D:3      | Reached XP level 5. HP: 47/47 MP: 4/4
  1851 | D:3      | Found a white marble altar of Elyvilon.
  2145 | D:4      | Reached skill level 6 in Axes
  2145 | D:4      | Reached XP level 6. HP: 47/53 MP: 5/5
  2313 | D:4      | Noticed Dowan
  2316 | D:4      | Noticed Duvessa
  2330 | D:4      | Gained mutation: You are robust. (+10% HP) [potion of
                  | mutation]
  2330 | D:4      | Gained mutation: You are resistant to electric shocks.
                  | (rElec) [potion of mutation]
  2330 | D:4      | Gained mutation: You are very robust. (+20% HP) [potion of
                  | mutation]
  2330 | D:4      | Gained mutation: Your mind is acute. (Int +4, Str/Dex -1)
                  | [potion of mutation]
  2337 | D:4      | Slain by Duvessa

Illustrated notes

Levels and vault maps discovered:
D:1:      dpeg_arrival_arbitrary_a, layout_rooms, minmay_pentomino_x4
D:2:      layout_loops_ring, basic_altar
D:3:      layout_basic, lemuel_tele_altar, grunt_decor_arrowhead, minivault_23,
          kennysheep_generic_room_13, uniq_ijyb
D:4:      layout_basic, minmay_temple_entry_butterflies, uniq_blork_the_orc,
          uniq_duvessa

Skill      XL: |  1  2  3  4  5 |
---------------+----------------+-----
Fighting       | 4 |  4.4
Armour         | 4 |  4.7
Shields        | 4 |  4.2
Axes           | 3 5 6 |  6.0
Dodging        | |  0.1
Evocations     | |  0.1

Action                     |  1- 3 |  4- 6 || total
---------------------------+-------+-------++-------
  Melee: War axe           |    94 |    64 ||   158
         Headbutt          |    10 |    13 ||    23
  Throw: Dart              |       |     3 ||     3
         Boomerang         |       |     6 ||     6
         Javelin           |       |     2 ||     2
  Evoke: Wand              |       |     4 ||     4
    Use: Scroll            |     1 |     4 ||     5
         Potion            |       |     4 ||     4
 Armour: Scale mail        |     8 |       ||     8
         Plate armour      |    69 |    75 ||   144
  Dodge: Dodged            |    21 |    15 ||    36
  Block: Buckler           |    13 |    13 ||    26
